 Seeded DCSS version 0.31-a0-626-g8143ab4f1d (webtiles) character file.

Game seed: 12485923201681380469 (custom seed)

191 innerfire43 the Ruffian (level 5, -2/44 HPs)
             Began as a Gnoll Shapeshifter on Aug 24, 2023.
             Slain by a goblin
             ... wielding a +0 club
             ... led by Robin
              (4 damage)
             ... on level 3 of the Dungeon.
             The game lasted 00:02:07 (1622 turns).

innerfire43 the Ruffian (Gnoll Shapeshifter)        Turns: 1622, Time: 00:02:08

Health: -2/44      AC:  2    Str: 22    XL:     5   Next: 70%
Magic:  11/11      EV: 14    Int:  8    God:
Gold:   124        SH:  0    Dex: 12    Spells: 12/12 levels left

rFire   . .          .
                       - Unarmed
rCold   . . .        (shield currently unavailable)
rNeg    . . .        a - +0 animal skin
rPois   .            (no helmet)
rElec   .            (no cloak)
rCorr   .            (no gloves)
SInv    .            (no boots)
Will    .....        (no amulet)
Stlth   +            i - +6 ring of strength
HPRegen 0.27/turn    (no ring)
MPRegen 0.12/turn

%: no passive effects
@: flux-form, glowing
A: glow, contaminating, fangs 1, strong nose, distributed training
a: Begin Untransformation


You were on level 3 of the Dungeon.
You were something dangerously unstable.
You visited 1 branch of the dungeon, and saw 3 of its levels.

You collected 124 gold pieces.

Inventory:

Missiles
 m - a throwing net
Armour
 a - a +0 animal skin (worn)
Jewellery
 i - a +6 ring of strength (left hand)
Talismans
 c - a beast talisman
 d - a flux talisman (active)
Scrolls
 f - a scroll of enchant weapon {unknown}
 g - a scroll of vulnerability {unknown}
 j - 2 scrolls of amnesia {unknown}
 k - a scroll of teleportation {unknown}
 l - a scroll of revelation {unknown}
 n - a scroll of butterflies {unknown}
Potions
 b - a potion of lignification
 e - 2 potions of enlightenment {unknown}
 h - a potion of might {unknown}


   Skills:
 + Level 5.0 Fighting
 + Level 4.2 Short Blades
 + Level 4.2 Long Blades
 + Level 4.2 Axes
 + Level 4.2 Maces & Flails
 + Level 4.2 Polearms
 + Level 4.2 Staves
 + Level 4.2 Ranged Weapons
 + Level 4.2 Throwing
 + Level 4.2 Armour
 + Level 6.3 Dodging
 + Level 4.2 Stealth
 + Level 4.2 Shields
 + Level 7.9 Unarmed Combat
 + Level 4.2 Spellcasting
 + Level 3.5 Conjurations
 + Level 3.5 Hexes
 + Level 3.5 Summonings
 + Level 3.5 Necromancy
 + Level 3.5 Translocations
 + Level 3.5 Transmutations
 + Level 3.5 Fire Magic
 + Level 3.5 Ice Magic
 + Level 3.5 Air Magic
 + Level 3.5 Earth Magic
 + Level 3.5 Poison Magic
 + Level 4.6 Invocations
 + Level 4.2 Evocations
 + Level 7.6 Shapeshifting


You had 12 spell levels left.
You didn't know any spells.
Your spell library contained the following spells:

 Spells                   Type           Power      Damage    Failure   Level
 Blink                    Tloc           14%        N/A       11%         2
 Lesser Beckoning         Tloc           14%        N/A       11%         2
 Momentum Strike          Conj/Tloc      14%        3d8       11%         2


Dungeon Overview and Level Annotations

Branches:
Dungeon (3/15)

Altars:


Innate Abilities, Weirdness & Mutations

You are something dangerously unstable.
You glow with magical radiation, making you easy to see and hit.
Foes you strike become dangerously contaminated with magical radiation.
You are incapable of wielding weapons or throwing items.
You have very sharp teeth.
Your uncanny sense of smell can sniff out nearby items.
Your experience applies equally to all skills.


Message History

You kill the goblin!
Robin throws the goblin at you!
The goblin unwields a +0 sling.
The goblin wields a +0 club.
The goblin hits you with a +0 club.
Items here: )))) ††††.
Robin hits you with a +0 short sword.
The goblin unwields a +0 club.
The goblin wields a +0 sling.
The goblin shoots a sling bullet.
The sling bullet misses you.
The sling bullet hits Robin.
You see here a +0 club.
Unknown command.
You punch Robin!
Robin begins to glow.
Robin is heavily wounded.
Robin laughs in a distinctly smug fashion.
Robin hits you with a +0 short sword.
The goblin shoots a sling bullet.
The sling bullet closely misses you.
The sling bullet hits Robin.
Unknown command.
You punch Robin!
You kill Robin!
The goblin shoots a sling bullet.
The sling bullet hits you.
Unknown command.
You hit the hobgoblin.
The hobgoblin begins to glow.
You bite the hobgoblin.
The hobgoblin is severely wounded.
The hobgoblin hits you.
* * * LOW HITPOINT WARNING * * *
You hit the hobgoblin but do no damage.
The hobgoblin glows dangerously bright.
The hobgoblin is severely wounded.
The goblin shoots a sling bullet.
The sling bullet closely misses you.
The sling bullet barely misses the hobgoblin.
The hobgoblin hits you.
* * * LOW HITPOINT WARNING * * *
Unknown command.
You punch the hobgoblin!
You kill the hobgoblin!
The goblin shoots a sling bullet.
The sling bullet barely misses you.
Unknown command.
The goblin unwields a +0 sling.
The goblin wields a +0 club.
The goblin hits you with a +0 club.
* * * LOW HITPOINT WARNING * * *
Items here: )))) ††††.
You barely miss the goblin. The goblin hits you with a +0 club.
You die...

#.....# #.....#
#.....########
#>........<...
#.....########
#.....# ###)### #)#
#B# #g# #.## #..#
#..# #####.######
##..........##
#......<.....#####
#..............#..#


You could see a goblin (strong).

Vanquished Creatures
  Terence (D:2)
  Robin (D:3)
  2 adders
  A worm (D:2)
  A dart slug (D:3)
  3 endoplasms
  5 giant cockroaches
  12 goblins
  16 hobgoblins
  4 kobolds
  3 quokkas (D:1)
  2 ball pythons
  5 bats
  A frilled lizard (D:2)
  4 rats
61 creatures vanquished.

Notes
Turn   | Place    | Note
-------+----------+-------------------------------------------
     0 | D:1      | innerfire43 the Gnoll Shapeshifter began the quest for the
                  | Orb.
     0 | D:1      | Reached XP level 1. HP: 17/17 MP: 1/1
   211 | D:1      | Reached XP level 2. HP: 14/23 MP: 2/2
   547 | D:1      | Reached XP level 3. HP: 26/28 MP: 3/3
   727 | D:2      | Reached skill level 1 in Invocations
   973 | D:2      | Noticed Terence
   981 | D:2      | Killed Terence
   982 | D:2      | Reached skill level 1 in Short Blades
   982 | D:2      | Reached skill level 1 in Long Blades
   982 | D:2      | Reached skill level 1 in Axes
   982 | D:2      | Reached skill level 1 in Maces & Flails
   982 | D:2      | Reached skill level 1 in Polearms
   982 | D:2      | Reached skill level 1 in Staves
   982 | D:2      | Reached skill level 1 in Ranged Weapons
   982 | D:2      | Reached skill level 1 in Throwing
   982 | D:2      | Reached skill level 1 in Armour
   982 | D:2      | Reached skill level 1 in Stealth
   982 | D:2      | Reached skill level 1 in Shields
   982 | D:2      | Reached skill level 1 in Spellcasting
   982 | D:2      | Reached skill level 1 in Evocations
   982 | D:2      | Reached XP level 4. HP: 14/34 MP: 5/5
   986 | D:2      | Reached skill level 5 in Fighting
   986 | D:2      | Reached XP level 5. HP: 21/44 MP: 5/11
  1580 | D:3      | Noticed Robin
  1617 | D:3      | Killed Robin
  1621 | D:3      | HP: 2/44 [goblin/+0 club[Robin] (6)]
  1622 | D:3      | Slain by a goblin

Illustrated notes

Levels and vault maps discovered:
D:1:      lightli_arrival_maybe_door_vault, layout_rooms, kennysheep_nondescript
D:2:      layout_basic, uniq_terence
D:3:      layout_rooms, slow_altar_2, nicolae_overflow_two_pavilions,
          shapermc_ecumenical_altar_hornbeckon, guppyfry_early_lair_pool,
          uniq_robin

Skill      XL: |  1  2  3  4 |
---------------+-------------+-----
Invocations    | 1 4 |  4.6
Short Blades   | 1 4 |  4.2
Long Blades    | 1 4 |  4.2
Axes           | 1 4 |  4.2
Maces & Flails | 1 4 |  4.2
Polearms       | 1 4 |  4.2
Staves         | 1 4 |  4.2
Ranged Weapons | 1 4 |  4.2
Throwing       | 1 4 |  4.2
Armour         | 1 4 |  4.2
Stealth        | 1 4 |  4.2
Shields        | 1 4 |  4.2
Spellcasting   | 1 4 |  4.2
Evocations     | 1 4 |  4.2
Fighting       | 5 |  5.0
Dodging        | 6 |  6.3
Unarmed Combat | 7 |  7.9
Conjurations   | 3 |  3.5
Hexes          | 3 |  3.5
Summonings     | 3 |  3.5
Necromancy     | 3 |  3.5
Translocations | 3 |  3.5
Transmutations | 3 |  3.5
Fire Magic     | 3 |  3.5
Ice Magic      | 3 |  3.5
Air Magic      | 3 |  3.5
Earth Magic    | 3 |  3.5
Poison Magic   | 3 |  3.5
Shapeshifting  | 7 |  7.6

Action                     |  1- 3 |  4- 6 || total
---------------------------+-------+-------++-------
  Melee: Unarmed           |   101 |    70 ||   171
         Bite              |     8 |     4 ||    12
    Use: Potion            |       |     2 ||     2
   Stab: Sleeping          |       |     1 ||     1
 Armour: Animal skin       |    18 |     9 ||    27
  Dodge: Dodged            |    71 |    56 ||   127
   Form: Flux              |     1 |       ||     1

Table legend: (Time is in decaauts)
 A = Elapsed time spent in this place.
 B = Non-inter-level travel time spent in this place.
 C = Inter-level travel time spent in this place.
 D = Time resting spent in this place.
 E = Time spent auto-exploring this place.
 F = Levels seen in this place.
 G = Mean time per level.
                   A        B        C        D        E       F      G
               +--------+--------+--------+--------+--------+-----+--------+
         Total |   1599 |   1560 |     39 |      0 |   1183 |   3 |  533.0 |
       Dungeon |   1599 |   1560 |     39 |      0 |   1183 |   3 |  533.0 |
               +--------+--------+--------+--------+--------+-----+--------+

Top non-repeatable levels by time:
     D:2: 854 daAuts
     D:1: 603 daAuts
     D:3: 142 daAuts
